 Dungeon Crawl Stone Soup version 0.29-a0-962-gc8bbfd0a37 (webtiles) character file.

Game seed: 4889712921835448578

68173 quinnr the Stormcaller (level 15, -5/82 HPs)
             Began as a Tengu Air Elementalist on July 30, 2022.
             Was a High Priest of Vehumet.
             Slain by a troll (6 damage)
             ... on level 1 of the Orcish Mines on July 31, 2022.
             The game lasted 01:15:05 (30920 turns).

quinnr the Stormcaller (Tengu Air Elementalist)    Turns: 30920, Time: 01:15:05

Health: -5/82      AC:  6    Str:  8    XL:     15   Next: 25%
Magic:  26/32      EV: 23    Int: 22    God:    Vehumet [*****.]
Gold:   1598       SH:  5    Dex: 16    Spells: 3/38 levels left

rFire   + . .      SeeInvis .   U - staff of cold
rCold   + + .      Faith    .   (no shield)
rNeg    . . .      Spirit   .   T - +2 robe {rC+}
rPois   .          Reflect  +   (helmet restricted)
rElec   .          Harm     .   i - +0 cloak
rCorr   .          Rampage  .   v - +1 pair of gloves
Will    +....      Clarity  +   (boots unavailable)
Stlth   +++.......              r - amulet of reflection
HPRegen 0.23/turn               C - ring of wizardry
MPRegen 0.23/turn               S - ring of protection from fire

@: radiating poison, flying quickly and evasively, quick
A: beak, talons 3, nimble flight, clarity, deformed body, MP-powered wands
a: Renounce Religion


You were on level 1 of the Orcish Mines.
You worshipped Vehumet.
Vehumet was extremely pleased with you.
You visited 4 branches of the dungeon, and saw 18 of its levels.
You also visited: Bailey and Volcano.

You collected 1624 gold pieces.
You spent 26 gold pieces at shops.

Inventory:

Hand Weapons
 E - a +0 whip of draining
Missiles
 x - 4 curare-tipped darts
 y - 37 poisoned darts
 K - a throwing net
 R - 5 atropa-tipped darts
Armour
 a - a +0 buckler
 i - a +0 cloak (worn)
 v - a +1 pair of gloves (worn)
 T - a +2 robe of cold resistance (worn)
Magical Staves
 M - a staff of death
 U - a staff of cold (weapon)
 V - a staff of conjuration
Jewellery
 r - an amulet of reflection (around neck)
 s - a ring of positive energy
 t - a ring of wizardry
 z - a ring of positive energy
 C - a ring of wizardry (left hand)
 I - a +6 ring of intelligence
 S - a ring of protection from fire (right hand)
 W - a ring of willpower
 Z - a +6 ring of dexterity
Wands
 k - a wand of iceblast (12)
 w - a wand of flame (9)
 L - a wand of polymorph (19)
 N - a wand of charming (8)
 P - a wand of quicksilver (11)
Scrolls
 c - a scroll of magic mapping
 f - 10 scrolls of fog
 g - 2 scrolls of silence
 j - 3 scrolls of torment
 m - 3 scrolls of enchant armour
 p - 3 scrolls of immolation
 q - 5 scrolls of teleportation
 A - 3 scrolls of blinking
 G - 2 scrolls of vulnerability
 O - 7 scrolls of identify
 Y - 2 scrolls of enchant weapon
Potions
 b - 2 potions of magic
 d - a potion of berserk rage
 e - 5 potions of might
 l - 3 potions of cancellation
 n - 4 potions of flight
 o - a potion of ambrosia
 u - 3 potions of lignification
 B - 6 potions of brilliance
 D - 4 potions of attraction
 F - 2 potions of haste
 J - 3 potions of curing
 X - 3 potions of heal wounds
Miscellaneous
 h - a phantom mirror
 H - a phial of floods
 Q - a box of beasts


   Skills:
 + Level 5.1 Fighting
 + Level 13.4 Dodging
 - Level 5.0 Stealth
 - Level 4.0 Shields
 - Level 12.0 Spellcasting
 - Level 5.0 Conjurations
 - Level 4.0 Summonings
 + Level 4.1 Transmutations
 - Level 4.0 Fire Magic
 + Level 15.1 Air Magic
 - Level 11.0 Poison Magic


You had 3 spell levels left.
You knew the following spells:

 Your Spells              Type           Power      Damage    Failure   Level
a - Shock                 Conj/Air       100%       1d9       1%          1
b - Airstrike             Air            34%        0-11+     1%          4
c - Mephitic Cloud        Conj/Pois/Air  56%        N/A       1%          3
d - Freezing Cloud        Conj/Ice/Air   29%        6-21      1%          5
e - Static Discharge      Conj/Air       55%        3-10/arc  1%          2
f - Poisonous Vapours     Pois/Air       100%       N/A       1%          2
g - Ignite Poison         Fire/Tmut/Pois 41%        N/A       1%          3
h - Olgreb's Toxic Radia  Pois           57%        N/A       1%          4
i - Summon Lightning Spi  Summ/Air       53%        N/A       1%          4
j - Storm Form            Tmut/Air       26%        N/A       32%         7

Your spell library contained the following spells:

 Spells                   Type           Power      Damage    Failure   Level
 Iskenderun's Battlesphe  Conj           35%        2d9       2%          5
 Apportation              Tloc           26%        N/A       1%          1
 Freeze                   Ice            76%        1d9       1%          1
 Necrotise                Necr           52%        1d6       1%          1
 Sandblast                Erth           26%        2d8       1%          1
 Slow                     Hex            52%        N/A       1%          1
 Sting                    Tmut/Pois      100%       1d8       1%          1
 Summon Small Mammal      Summ           100%       N/A       1%          1
 Passwall                 Tmut/Erth      18%        N/A       1%          2
 Wereblood                Tmut           31%        N/A       1%          2
 Dazzling Flash           Conj/Hex       48%        N/A       1%          3
 Stone Arrow              Conj/Erth      48%        3d10      1%          3
 Swiftness                Air            68%        N/A       1%          3
 Blink                    Tloc           26%        N/A       3%          2
 Ensorcelled Hibernation  Hex/Ice        38%        N/A       3%          2
 Sublimation of Blood     Necr           13%        N/A       3%          2
 Confusing Touch          Hex            13%        N/A       6%          3
 Lesser Beckoning         Tloc           13%        N/A       6%          3
 Vampiric Draining        Necr           13%        2d6       6%          3
 Corpse Rot               Necr/Pois/Air  51%        N/A       1%          4
 Alistair's Intoxication  Tmut/Pois      30%        N/A       2%          5
 Irradiate                Conj/Tmut      16%        3d17      2%          5
 Silence                  Hex/Air        23%        N/A       2%          5
 Eringya's Noxious Bog    Tmut/Pois      23%        N/A       4%          6
 Maxwell's Capacitive Co  Air            34%        ∞         8%          8
 Petrify                  Tmut/Erth      22%        N/A       9%          4
 Blade Hands              Tmut           15%        N/A       11%         5
 Animate Dead             Necr           13%        N/A       19%         4
 Agony                    Necr           13%        N/A       45%         5
 Manifold Assault         Tloc           13%        N/A       45%         5
 Summon Cactus Giant      Summ           15%        N/A       47%         6
 Simulacrum               Ice/Necr       9%         N/A       95%         6
 Dragon Form              Tmut           15%        N/A       95%         7
 Monstrous Menagerie      Summ           15%        N/A       95%         7
 Haunt                    Necr/Summ      11%        N/A       99%         7
 Infestation              Necr           6%         N/A       100%        8
 Necromutation            Tmut/Necr      11%        N/A       100%        8


Dungeon Overview and Level Annotations

Branches:
Dungeon (11/15)            Temple (1/1) D:6            Lair (5/5) D:11
  Swamp (0/4) Lair:3       Spider (0/4) Lair:3        Slime (0/5) Lair:4
    Orc (1/2) D:9          Bailey (visited)         Volcano (visited)

Altars:
Ashenzari
Cheibriados
Dithmenos
Elyvilon
Fedhas
Gozag
Hepliaklqana
Kikubaaqudgha
Makhleb
Nemelex Xobeh
Okawaru
Qazlal
Ru
Sif Muna
Trog
Uskayaw
Vehumet
Wu Jian
Xom
Yredelemnul
Zin
The Shining One
Jiyva

Shops:
D:6 [   D:10 *

Annotations:
D:8 1 runed translucent door, gdog's ghost, novice GnDe
Lair:2 2 transporters, Wyjoucal's ghost, journeyman OpEE
Orc:1 Erolcha


Innate Abilities, Weirdness & Mutations

You have a beak for a mouth.
You have claws for feet.
Your magical nature lets you fly swiftly and evasively.
You possess an exceptional clarity of mind.
Armour fits poorly on your strangely shaped body.
You expend magic power (3 MP) to strengthen your wands.


Message History

You begin to radiate toxic energy.
Erolcha is poisoned.
The troll is poisoned.
The cyclops is poisoned.
The orc warrior is poisoned.
The orc wizard shouts!
The orc wizard is poisoned.
The orc is poisoned.
You hear a shout!
The cyclops throws a large rock.
The large rock hits you!
An orc comes into view. It is wielding a +0 morningstar.
The orc warrior unwields a +0 halberd.
The orc warrior wields a +0 arbalest.
The orc warrior shoots a bolt.
The bolt hits you! You block the troll's attack.
The troll completely misses you. The troll claws you!
Unknown command.
Unknown command.
Unknown command.
Casting: Olgreb's Toxic Radiance (safe; 1% risk of failure)
Confirm with . or Enter, or press ? or * to list all spells.
You ignite the poison in your surroundings!
The troll seems to burn from within!!
The troll is severely wounded.
Erolcha seems to burn from within!!
Erolcha is heavily wounded.
The cyclops seems to burn from within!!
The cyclops is severely wounded.
The orc wizard seems to burn from within!
You kill the orc wizard!
Vehumet accepts your kill.
You feel your power returning.
The orc seems to burn from within!
You kill the orc!
Vehumet accepts your kill.
You feel your power returning.
The orc warrior seems to burn from within!!
You kill the orc warrior!
Vehumet accepts your kill.
You feel your power returning.
Erolcha is poisoned.
The troll is poisoned.
The cyclops is poisoned.
The orc is poisoned.
The cyclops throws a large rock.
The large rock hits you!!
* * * LOW HITPOINT WARNING * * *
You block the troll's attack. The troll claws you.
* * * LOW HITPOINT WARNING * * *
The troll claws you.
You die...

.......$.... .
#...........
..##...........
.$..........$.#
.......C.......
...............
.#......T......
.......@>$.....
$........§O....
..........§....
........>§.§...
.......))......
...............
...#.o.........
.###.)..#......


You could see Erolcha (confused, poisoned), a cyclops (poisoned), a troll
(poisoned) and an orc (poisoned).

Vanquished Creatures
  An orc warlord (Bailey)
  8 hydras
  Fannar (Lair:2)
  3 two-headed ogres
  6 death yaks
  2 tengu warriors (D:11)
  11 spriggans (Lair:5)
  Urug (D:11)
  A fire crab (Volcano)
  A lindwurm (Volcano)
  2 bog bodies (Lair:3)
  A deep elf pyromancer (D:10)
  An oklob plant (D:11)
  A cyclops (D:10)
  6 elephants (Lair:2)
  Maurice (D:10)
  A black mamba (Lair:5)
  A torpor snail (Lair:4)
  11 cane toads
  A molten gargoyle (Volcano)
  2 gargoyles
  9 komodo dragons
  A meliai (Lair:3)
  7 hornets
  5 polar bears
  18 blink frogs
  A shadow (D:10)
  A wyvern (Lair:2)
  A wraith (D:9)
  40 yaks
  3 basilisks
  5 fire bats (Volcano)
  Grum (D:10)
  2 steam dragons (Volcano)
  Menkaure (D:6)
  An acid dragon (D:9)
  A swamp worm (Lair:3)
  3 hell hounds
  6 water moccasins
  12 orc warriors
  A sky beast (D:6)
  2 ice beasts
  22 wolves
  4 black bears
  3 centaurs
  3 boggarts (Lair:5)
  An ogre (D:6)
  A phantom (D:6)
  2 kobold brigands
  14 bullfrogs
  A gnoll sergeant (D:9)
  2 scorpions
  18 killer bees
  5 howler monkeys
  6 electric eels
  4 lava snakes (Volcano)
  2 jellies
  3 orc priests
  4 iguanas
  Terence (D:2)
  13 orc wizards
  Robin (D:2)
  10 gnolls
  11 adders
  A white imp (D:5)
  4 worms (D:3)
  A dart slug (D:1)
  28 orcs
  6 endoplasms
  A giant cockroach (D:1)
  27 goblins
  21 hobgoblins
  9 jackals
  13 kobolds
  4 quokkas
  15 ball pythons
  7 bats
  4 frilled lizards
  3 rats
  A butterfly (Lair:4)
460 creatures vanquished.

Vanquished Creatures (collateral kills)
  3 blink frogs
  A hornet (Lair:5)
  A spriggan (Lair:5)
  8 wolves (Lair:5)
13 creatures vanquished.

Vanquished Creatures (others)
  2 bushes
  33 fungi
  82 plants
  6 toadstools (D:5)
123 creatures vanquished.

Grand Total: 596 creatures vanquished

Notes
Turn   | Place    | Note
-------+----------+-------------------------------------------
     0 | D:1      | quinnr the Tengu Air Elementalist began the quest for the
                  | Orb.
     0 | D:1      | Reached XP level 1. HP: 10/10 MP: 4/4
   171 | D:1      | Reached XP level 2. HP: 15/15 MP: 3/6
   796 | D:1      | Found a faded altar of an unknown god.
   796 | D:1      | Noticed a great orb of eyes
   798 | D:1      | Noticed an eye of devastation
   800 | D:1      | Noticed a golden eye
   800 | D:1      | Noticed a great orb of eyes
   885 | D:1      | Reached skill level 5 in Air Magic
   943 | D:1      | Reached XP level 3. HP: 19/19 MP: 2/7
  1131 | D:1      | Got the Quarto of Transforming Cold
  1507 | D:2      | Reached skill level 6 in Air Magic
  1524 | D:2      | Reached XP level 4. HP: 24/24 MP: 0/8
  1778 | D:2      | Learned a level 4 spell: Airstrike
  1843 | D:2      | Noticed Robin
  1859 | D:2      | Killed Robin
  1991 | D:2      | Noticed Terence
  2029 | D:2      | Killed Terence
  2030 | D:2      | Reached skill level 7 in Air Magic
  2030 | D:2      | Gained mutation: Your magical nature lets you fly swiftly
                  | and evasively. [Tengu growth]
  2030 | D:2      | Reached XP level 5. HP: 18/28 MP: 3/9
  3315 | D:3      | Got the Meditations on Icy Summoning
  3949 | D:4      | Learned a level 3 spell: Mephitic Cloud
  4292 | D:4      | Noticed a black bear
  4302 | D:4      | Killed a black bear
  4303 | D:4      | Reached skill level 1 in Fighting
  4303 | D:4      | Reached XP level 6. HP: 34/34 MP: 7/11
  4995 | D:5      | Entered Level 5 of the Dungeon
  5031 | D:4      | Reached skill level 8 in Air Magic
  5190 | D:5      | Reached XP level 7. HP: 29/38 MP: 0/12
  5907 | D:4      | Learned a level 5 spell: Freezing Cloud
  7291 | D:5      | Reached skill level 5 in Dodging
  7291 | D:5      | Reached skill level 9 in Air Magic
  7356 | D:6      | Found a sparkling altar of Nemelex Xobeh.
  7456 | D:6      | Found an iron altar of Okawaru.
  7498 | D:6      | Noticed Menkaure
  7500 | D:6      | Reached XP level 8. HP: 43/43 MP: 1/15
  7958 | D:6      | Killed Menkaure
  8184 | D:6      | Reached skill level 5 in Spellcasting
  8184 | D:6      | Reached skill level 10 in Air Magic
  8187 | D:6      | Learned a level 2 spell: Static Discharge
  8804 | D:6      | Found a staircase to the Ecumenical Temple.
  8834 | Temple   | Entered the Ecumenical Temple
  8870 | Temple   | Became a worshipper of Vehumet
  8946 | D:6      | HP: 6/64 [cloud of freezing vapour (22)]
  8951 | D:6      | Gained mutation: You expend magic power (3 MP) to
                  | strengthen your wands. [potion of mutation]
  8951 | D:6      | Gained mutation: Armour fits poorly on your strangely
                  | shaped body. [potion of mutation]
  8951 | D:6      | Gained mutation: You possess an exceptional clarity of
                  | mind. [potion of mutation]
  9391 | D:6      | Found Ygycikk's Armour Boutique.
  9801 | D:7      | Reached XP level 9. HP: 36/47 MP: 9/18
 10217 | D:7      | Reached skill level 11 in Air Magic
 10864 | D:8      | Noticed a hornet
 10876 | D:8      | Killed a hornet
 11624 | D:8      | Noticed gdog's ghost (novice GnDe)
 11627 | D:8      | Found a runed translucent door.
 11875 | D:8      | Got Sif Muna's Volume of Transformed Poisoning
 11879 | D:8      | Learned a level 2 spell: Poisonous Vapours
 11891 | D:8      | Noticed a hornet
 11896 | D:8      | Killed a hornet
 11897 | D:8      | Reached skill level 5 in Stealth
 12127 | D:9      | Reached XP level 10. HP: 52/52 MP: 13/21
 12141 | D:9      | Reached skill level 12 in Air Magic
 12190 | D:9      | Reached * piety under Vehumet
 12190 | D:9      | Offered knowledge of Sandblast by Vehumet.
 12493 | D:9      | Found a flagged portal.
 12502 | Bailey   | Entered a bailey
 12508 | Bailey   | Learned a level 3 spell: Ignite Poison
 12838 | Bailey   | Reached skill level 1 in Transmutations
 13026 | Bailey   | Reached skill level 1 in Fire Magic
 13387 | Bailey   | Noticed an orc warlord
 14234 | Bailey   | Killed an orc warlord
 14234 | Bailey   | Reached ** piety under Vehumet
 14350 | Bailey   | Got the Folio of Fog
 14396 | D:9      | Offered knowledge of Magic Dart by Vehumet.
 14615 | D:9      | Found a staircase to the Orcish Mines.
 14819 | D:9      | Noticed a two-headed ogre
 14823 | D:9      | Killed a two-headed ogre
 15372 | D:9      | Found a white marble altar of Elyvilon.
 15373 | D:9      | Found a sacrificial altar of Ru.
 15512 | D:10     | Entered Level 10 of the Dungeon
 15632 | D:10     | Found Rotagy's Retail Resort.
 15638 | D:10     | Bought a scroll of identify for 26 gold pieces
 15818 | D:10     | Learned a level 4 spell: Olgreb's Toxic Radiance
 15973 | D:10     | Reached XP level 11. HP: 57/57 MP: 19/24
 15997 | D:10     | Noticed Grum
 16005 | D:10     | Reached skill level 1 in Poison Magic
 16008 | D:10     | Killed Grum
 16154 | D:10     | Noticed a deep elf pyromancer
 16503 | D:10     | Noticed a cyclops
 16505 | D:10     | Killed a deep elf pyromancer
 16509 | D:10     | Killed a cyclops
 17109 | D:10     | Noticed Maurice
 17116 | D:10     | Killed Maurice
 17565 | D:11     | Noticed a two-headed ogre
 17585 | D:11     | Killed a two-headed ogre
 17800 | D:11     | Noticed an oklob plant
 17931 | D:11     | Killed an oklob plant
 18015 | D:11     | Found a staircase to the Lair.
 18023 | D:11     | Noticed a two-headed ogre
 18040 | D:11     | Killed a two-headed ogre
 18387 | D:11     | Reached skill level 5 in Conjurations
 18599 | Lair:1   | Entered Level 1 of the Lair of Beasts
 18602 | Lair:1   | Noticed Urug
 18602 | Lair:1   | Noticed a four-headed hydra
 18611 | Lair:1   | Killed a four-headed hydra
 18612 | Lair:1   | Reached skill level 5 in Poison Magic
 18624 | D:11     | HP: 6/61 [Urug/javelin (22)]
 18636 | D:11     | Noticed a tengu warrior
 18905 | D:11     | Reached skill level 13 in Air Magic
 19070 | D:11     | Killed Urug
 19249 | D:11     | Found a staircase to the Lair.
 19483 | D:11     | Noticed a tengu warrior
 19489 | D:11     | Killed a tengu warrior
 19490 | D:11     | Killed a tengu warrior
 19491 | D:11     | Reached XP level 12. HP: 58/67 MP: 4/25
 19915 | Lair:1   | Offered knowledge of Conjure Flame by Vehumet.
 20181 | Lair:1   | Reached skill level 5 in Fighting
 20633 | Lair:2   | Noticed Fannar
 20638 | Lair:2   | Killed Fannar
 20813 | Lair:2   | Reached skill level 10 in Dodging
 20910 | Lair:2   | Reached *** piety under Vehumet
 21145 | Lair:1   | Reached skill level 14 in Air Magic
 21604 | Lair:2   | Noticed a four-headed hydra
 21611 | Lair:2   | Killed a four-headed hydra
 21746 | Lair:2   | Found a transporter.
 21756 | Lair:2   | Noticed a six-headed hydra
 21756 | Lair:2   | Noticed Wyjoucal's ghost (journeyman OpEE)
 21928 | Lair:2   | Noticed a seven-headed hydra
 21936 | Lair:2   | Killed a seven-headed hydra
 22147 | Lair:2   | Found a transporter.
 22160 | Lair:2   | Offered knowledge of Hailstorm by Vehumet.
 22165 | Lair:2   | Reached XP level 13. HP: 72/72 MP: 9/26
 22748 | Lair:3   | Found a hole to the Spider Nest.
 22843 | Lair:3   | Reached XP level 14. HP: 78/78 MP: 27/27
 22987 | Lair:3   | Learned a level 4 spell: Summon Lightning Spire
 23254 | Lair:3   | Found a staircase to the Swamp.
 23260 | Lair:3   | Reached **** piety under Vehumet
 23261 | Lair:3   | Reached skill level 1 in Summonings
 23491 | Lair:3   | Reached skill level 10 in Poison Magic
 23720 | Lair:3   | Offered knowledge of Lightning Bolt by Vehumet.
 23721 | Lair:3   | Reached skill level 15 in Air Magic
 24659 | Lair:4   | Found a viscous altar of Jiyva.
 24779 | Lair:4   | Found a staircase to the Slime Pits.
 25638 | Lair:5   | Entered Level 5 of the Lair of Beasts
 25720 | Lair:5   | Found a dark tunnel.
 25807 | Volcano  | Entered a volcano
 27024 | Volcano  | Found a radiant altar of Vehumet.
 27962 | Lair:5   | Reached skill level 10 in Spellcasting
 28353 | Lair:5   | Reached ***** piety under Vehumet
 28454 | Lair:5   | Offered knowledge of Iskenderun's Battlesphere by Vehumet.
 29114 | Lair:5   | Learned a level 7 spell: Storm Form
 29259 | Lair:5   | Reached skill level 1 in Shields
 29259 | Lair:5   | Reached XP level 15. HP: 82/82 MP: 12/31
 30917 | Orc:1    | Entered Level 1 of the Orcish Mines
 30917 | Orc:1    | Noticed Erolcha
 30920 | Orc:1    | HP: 7/82 [cyclops/large rock (27)]
 30920 | Orc:1    | HP: 1/82 [troll (6)]
 30920 | Orc:1    | Slain by a troll

Illustrated notes

Levels and vault maps discovered:
D:1:      elethiomel_arrival_infinity_welcomes_careful_drivers, layout_basic,
          hellmonk_ecumenical_altar_watching_god, serial_park_tiny_2
D:2:      layout_loops_cross, uniq_robin, uniq_terence
D:3:      layout_basic, nicolae_wormholes
D:4:      layout_basic, minivault_1, minmay_snake_closets
D:5:      layout_cave_pods, minmay_gold_behind_fungi,
          nicolae_concentric_dashed_squares_wild, minmay_holes, st_stairs_9
D:6:      layout_cave_pods, overflow_temple_1_default,
          nemelex_xobeh_ov_fountains_minmay, minmay_temple_entry_glassed_door,
          serial_shops, shop, uniq_menkaure
D:7:      layout_gridville
D:8:      layout_rooms, hellmonk_ghost_happy_afterlife
D:9:      layout_roguey, gammafunk_temple_overflow_statue, orc_0_dummy,
          enter_bailey_2, glass_columns_a, minivault_19,
          amcnicky_mini_corridor_feature, nrook_uturn
D:10:     layout_cave_pods, nicolae_alphabet_shops, minmay_misc_feat_rows,
          nrook_campfire, eino_tiny_chamber, uniq_maurice, uniq_grum
D:11:     layout_loops_ring, dpeg_oklobed_lair
Temple:   compressed_dpeg_circular_temple
Lair:1:   layout_loops_ring, grunt_megastairs_4, uniq_urug
Lair:2:   layout_regular_city, gammafunk_ghost_berserking_beasts,
          infiniplex_staircase_pool_2, serial_bayou_shore_a, uniq_fannar
Lair:3:   layout_chaotic_city, nicolae_swamp_entry_splash_gauntlet,
          hellmonk_spider_entry_not_the_bees
Lair:4:   layout_loops_ring, slime_entry_1, serial_bayou_lake_a,
          lemuel_fruit_fields
Lair:5:   minmay_lair_end_enchanted_forest, layout_long_grid, enter_volcano_3,
          serial_bayou_shore_b
Orc:1:    layout_caves, serial_shops, nicolae_shop_bloodbath_and_beyond,
          uniq_harold, uniq_snorg, uniq_erolcha

Skill      XL: |  1  2  3  4  5  6  7  8  9 10 11 12 13 14 15 |
---------------+----------------------------------------------+-----
Air Magic      | 5 6 7 8 9 10 11 12 13 14 15 | 15.1
Dodging        | 3 4 5 7 8 9 10 13 | 13.4
Fighting       | 1 4 5 |  5.1
Spellcasting   | 3 4 5 6 8 11 12 | 12.0
Stealth        | 3 5 |  5.0
Transmutations | 4 |  4.1
Fire Magic     | 4 |  4.0
Conjurations   | 2 5 |  5.0
Poison Magic   | 5 9 11 | 11.0
Summonings     | 4 |  4.0
Shields        | 1 4 |  4.0

Action                   |  1- 3 |  4- 6 |  7- 9 | 10-12 | 13-15 || total
-------------------------+-------+-------+-------+-------+-------++-------
Melee: Unarmed           |     2 |       |     4 |       |       ||     6
       Kick              |     2 |       |       |     5 |    10 ||    17
       Peck              |     1 |       |       |     2 |     6 ||     9
       Whip              |       |       |       |     7 |       ||     7
       Staff             |       |       |       |     5 |    16 ||    21
       Punch             |       |       |       |       |     1 ||     1
 Cast: Shock             |    64 |   163 |   125 |    71 |    28 ||   451
       Mephitic Cloud    |       |     2 |    12 |    18 |    12 ||    44
       Airstrike         |       |     2 |    37 |    69 |   133 ||   241
       Freezing Cloud    |       |       |     5 |    28 |    60 ||    93
       Static Discharge  |       |       |    17 |    19 |    20 ||    56
       Poisonous Vapours |       |       |     5 |    91 |    32 ||   128
       Ignite Poison     |       |       |       |    47 |    35 ||    82
       Olgreb's Toxic Ra |       |       |       |     4 |     5 ||     9
       Summon Lightning  |       |       |       |       |    12 ||    12
Evoke: Wand              |       |       |     1 |     8 |       ||     9
       Box of beasts     |       |       |       |     1 |       ||     1
  Use: Scroll            |       |       |    17 |     4 |     4 ||    25
       Potion            |       |       |    11 |     1 |     1 ||    13
 Stab: Confused          |       |       |       |       |     1 ||     1
Armor: Robe              |     8 |     6 |     3 |     6 |     8 ||    31
       Skin              |       |       |     1 |       |       ||     1
Dodge: Dodged            |    21 |    24 |    50 |    64 |    62 ||   221
Block: Other             |       |     5 |    15 |    11 |    24 ||    55
       Reflection        |       |       |       |       |     1 ||     1

Table legend: (Time is in decaauts)
 A = Elapsed time spent in this place.
 B = Non-inter-level travel time spent in this place.
 C = Inter-level travel time spent in this place.
 D = Time resting spent in this place.
 E = Time spent auto-exploring this place.
 F = Levels seen in this place.
 G = Mean time per level.
                   A        B        C        D        E       F      G
               +--------+--------+--------+--------+--------+-----+--------+
         Total |  29722 |  28745 |    977 |   7284 |  17694 |  20 | 1486.1 |
       Dungeon |  17144 |  16529 |    615 |   3886 |  10853 |  11 | 1558.5 |
        Temple |     81 |     68 |     13 |      0 |     46 |   1 |   81.0 |
          Lair |   8962 |   8615 |    347 |   1792 |   5747 |   5 | 1792.4 |
  Orcish Mines |      2 |      2 |      0 |      0 |      0 |   1 |    2.0 |
        Bailey |   1813 |   1813 |      0 |    668 |    581 |   1 | 1813.0 |
       Volcano |   1717 |   1717 |      0 |    935 |    466 |   1 | 1717.0 |
               +--------+--------+--------+--------+--------+-----+--------+

Top non-repeatable levels by time:
  Lair:5: 2496 daAuts
    D:10: 2173 daAuts
  Lair:4: 2082 daAuts
     D:4: 1913 daAuts
     D:6: 1859 daAuts
    D:11: 1844 daAuts
  Bailey: 1813 daAuts
 Volcano: 1717 daAuts
     D:1: 1653 daAuts
     D:5: 1609 daAuts
     D:7: 1577 daAuts
  Lair:3: 1564 daAuts
  Lair:1: 1517 daAuts
  Lair:2: 1301 daAuts
     D:9: 1291 daAuts
